 Dungeon Crawl Stone Soup version 0.28-a0-2-g643f2454ad (webtiles) character file.

Game seed: 16346850859045103527

143 Blejac999 the Magician (level 5, 0/35 HPs)
             Began as a Djinni Conjurer on July 22, 2021.
             Slain by a sky beast (1 damage)
             ... on level 3 of the Dungeon.
             The game lasted 00:04:49 (3574 turns).

Blejac999 the Magician (Djinni Conjurer)            Turns: 3574, Time: 00:04:50

Health: 0/35       AC:  4    Str:  4    XL:     5   Next: 50%
Gold:   102        EV: 12    Int: 21    God:
                   SH:  0    Dex: 11

rFire   + + .      SeeInvis .   (no weapon)
rCold   x . .      Faith    .   (no shield)
rNeg    . . .      Spirit   .   a - +2 robe
rPois   ∞          Reflect  .   (no helmet)
rElec   .          Harm     .   (no cloak)
rCorr   .          Rampage  .   (no gloves)
Will    .....                   (boots unavailable)
Stlth   ++........              (no amulet)
HPRegen 0.11/turn               (no ring)
MPRegen 0.00/turn               (no ring)

@: flying
A: sickness immunity, fire resistance 2, cold vulnerability 1, float, innate
caster, hp casting, extra vitality 1, weak 1, evolution 1
a: no special abilities


You were on level 3 of the Dungeon.
You visited 1 branch of the dungeon, and saw 3 of its levels.

You collected 102 gold pieces.

Inventory:

Armour
 a - a +2 robe (worn)
Jewellery
 g - an amulet of the acrobat
Wands
 h - a wand of polymorph (10)
Scrolls
 b - 3 scrolls of identify
 c - 3 scrolls of teleportation
Potions
 d - a potion of curing
 e - a potion of haste


   Skills:
 + Level 2.3 Dodging
 + Level 2.1 Stealth
 + Level 4.8 Spellcasting


You couldn't memorise any spells.
You knew the following spells:

 Your Spells              Type           Power      Damage    Failure   Level
a - Magic Dart            Conj           100%       1d8       1%          1
b - Searing Ray           Conj           50%        3d5       2%          2
c - Dazzling Flash        Conj/Hex       50%        N/A       4%          3
d - Fulminant Prism       Conj/Hex       12%        3d9       16%         4
e - Iskenderun's Mystic   Conj/Tloc      25%        2d7       16%         4
f - Sandblast             Erth           50%        2d12      1%          1
g - Blink                 Tloc           N/A        N/A       2%          2
Your spell library was empty.

Dungeon Overview and Level Annotations

Branches:
Dungeon (3/15)

Altars:
Hepliaklqana
Kikubaaqudgha
Vehumet


Innate Abilities, Weirdness & Mutations

You are immune to sickness and miasma.
You are immune to poison.
Your flesh is very heat resistant. (rF++)
You are vulnerable to cold. (rC-)
You float through the air rather than walking.
You learn spells naturally, not from books.
Your magical power is your life essence.
You have superior vitality. (+4 HP)
You are weak. (Str -2)
You evolve.


Message History

A sky beast appears from thin air!
Reactivating autopickup.
Casting: Magic Dart (safe; 1% risk of failure)
Confirm with . or Enter, or press ? or * to list all spells.
Aiming: Searing Ray (safe; 2% risk of failure)
Press: ? - help, Shift-Dir - straight line, f/p - sky beast
Aim: a sky beast (lightly wounded, 71% to hit)
The searing ray misses the sky beast. (Press . to maintain the ray.)
The sky beast flickers out of sight!
Deactivating autopickup; reactivate with Ctrl-A.
Something hits you. Something shocks you.
The searing ray hits something!
Something hits you. Something shocks you.
A sky beast appears from thin air!
Reactivating autopickup.
The sky beast barely misses you.
The searing ray hits the sky beast.
The sky beast is heavily wounded.
You finish channeling your searing ray.
The sky beast flickers out of sight!
Deactivating autopickup; reactivate with Ctrl-A.
Something hits you but does no damage. Something hits you but does no damage.
Casting: Searing Ray (safe; 2% risk of failure)
Confirm with . or Enter, or press ? or * to list all spells.
You don't know that spell.
Casting: Searing Ray (safe; 2% risk of failure)
Confirm with . or Enter, or press ? or * to list all spells.
Aiming: Searing Ray (safe; 2% risk of failure)
Press: ? - help, Shift-Dir - straight line (Press . to maintain the ray.)
Something hits you.
* * * LOW HITPOINT WARNING * * *
Something shocks you.
* * * LOW HITPOINT WARNING * * *
* * * LOW HITPOINT WARNING * * *
Something hits you but does no damage.
The searing ray hits something.
* * * LOW HITPOINT WARNING * * *
Something hits you.
You die...

.≈≈≈.≈≈≈≈≈.≈..##.#.##....#[......
.≈_≈.≈...≈.≈...#.#.###..##...8...
.≈.≈.≈.≈.≈.≈...#.#...##'##(.....(
.≈...≈.≈_≈.≈...#.#..###..##.†...#
.≈≈≈≈≈.≈≈≈.≈........##....##...##
.....≈.....≈..#.##.###.)..'#†###.
≈≈≈≈.≈≈≈≈≈≈≈.......# ##..##..##..
..............#..#.# ####....+..
#......#.#....##@#.# #....##.
#......#.#....##.{.# ##..####
#......#.#....###..###########,,,
#......#+###### #......{...# *,,,
.....#......#####..........#**,,,
.....#.........(............,,,,,
.....#......................,,,,*
.....#..............######..,,,,*
.....#............>.# *,.,,,,*


There were no monsters in sight!

Vanquished Creatures
  An orc wizard (D:3)
  3 adders (D:2)
  2 worms
  2 orcs (D:3)
  5 ball pythons
  9 endoplasms
  3 giant cockroaches (D:1)
  9 goblins
  7 hobgoblins
  4 jackals
  9 kobolds
  3 quokkas
  9 bats
  4 frilled lizards
  6 rats
76 creatures vanquished.

Notes
Turn   | Place    | Note
-------+----------+-------------------------------------------
     0 | D:1      | Blejac999 the Djinni Conjurer began the quest for the Orb.
     0 | D:1      | Reached XP level 1. HP: 15/15 MP: 0/0
   255 | D:1      | Reached XP level 2. HP: 16/21 MP: 0/0
   850 | D:1      | Reached XP level 3. HP: 20/25 MP: 0/0
   850 | D:1      | Learned a level 1 spell: Sandblast
  1140 | D:1      | Gained mutation: You tend to lose your temper in combat.
                  | [potion of mutation]
  1140 | D:1      | Gained mutation: You occasionally shout uncontrollably at
                  | your foes. [potion of mutation]
  1140 | D:1      | Gained mutation: Your muscles are strong. (Str +2) [potion
                  | of mutation]
  1473 | D:2      | Reached skill level 4 in Spellcasting
  1813 | D:2      | Reached XP level 4. HP: 27/31 MP: 0/0
  2575 | D:3      | Reached XP level 5. HP: 31/35 MP: 0/0
  2575 | D:3      | Learned a level 2 spell: Blink
  2655 | D:3      | Found a hazy altar of Hepliaklqana.
  3430 | D:3      | Lost mutation: You occasionally shout uncontrollably at
                  | your foes. [potion of mutation]
  3430 | D:3      | Lost mutation: You tend to lose your temper in combat.
                  | [potion of mutation]
  3430 | D:3      | Lost mutation: Your muscles are strong. (Str +2) [potion of
                  | mutation]
  3430 | D:3      | Gained mutation: You evolve. [potion of mutation]
  3430 | D:3      | Gained mutation: You are weak. (Str -2) [potion of
                  | mutation]
  3557 | D:3      | Noticed a sky beast
  3574 | D:3      | Slain by a sky beast

Illustrated notes

Levels and vault maps discovered:
D:1:      psy_arrival_spokes, layout_loops_ring, minmay_tetromino_s4
D:2:      layout_loops_ring
D:3:      minmay_bubble_buster, layout_basic, fiery_altar_vehumet,
          mainiacjoe_overflow_catwalk_spiral, minmay_hedge_maze

Skill      XL: |  1  2  3  4 |
---------------+-------------+-----
Spellcasting   | 4 |  4.8
Stealth        | 2 |  2.1
Dodging        | |  2.3

Action                   |  1- 3 |  4- 6 || total
-------------------------+-------+-------++-------
 Cast: Magic Dart        |    80 |    78 ||   158
       Searing Ray       |       |     3 ||     3
  Use: Potion            |     4 |     2 ||     6
       Scroll            |     4 |     5 ||     9
Armor: Robe              |     7 |     4 ||    11
Dodge: Dodged            |     7 |     3 ||    10

Table legend: (Time is in decaauts)
 A = Elapsed time spent in this place.
 B = Non-inter-level travel time spent in this place.
 C = Inter-level travel time spent in this place.
 D = Time resting spent in this place.
 E = Time spent auto-exploring this place.
 F = Levels seen in this place.
 G = Mean time per level.
                   A        B        C        D        E       F      G
               +--------+--------+--------+--------+--------+-----+--------+
         Total |   3554 |   3519 |     35 |    309 |   2914 |   3 | 1184.7 |
       Dungeon |   3554 |   3519 |     35 |    309 |   2914 |   3 | 1184.7 |
               +--------+--------+--------+--------+--------+-----+--------+

Top non-repeatable levels by time:
     D:1: 1449 daAuts
     D:2: 1060 daAuts
     D:3: 1044 daAuts
